cohdb
Replays
Latest Replays
All Replays
Popular Replays
Top Player Replays
Match Explorer
How It Works
Community
CoH3 Stats
Reddit
Sign in to upload your games and track your stats! →
Sign in with Steam
Match 45839547
Unlisted
Match 45839547
Overview
Messages
Build Orders
End
Kettenkrad Recon Vehicle
Construct Infanterie Kompanie
MG 42 Machine Gun Team
Selects Mechanized Battlegroup
Grenadier Squad
Grenadier Squad
Grenadier Squad
Medical Station
Construct Luftwaffe Kompanie
Selects Mobile Repair Stations
221 Scout Car
Jäger Squad
Selects Raid Package
Jäger Squad
Support Elements
chmod 777
Nick
dog4207
Skilledmad1
0
0
Comments
sign in to comment!
No comments posted yet!